 Dungeon Crawl Stone Soup version 0.29.1-13-g9f3cf754e1 (webtiles) character file.

Game seed: 1425695852443367697

135395 GeoRichter the Warrior (level 17, -2/115 (120) HPs)
             Began as a Tengu Fighter on Jan 23, 2023.
             Was the Champion of Ru.
             Constricted to death by a nagaraja (4 damage)
             ... on level 4 of the Snake Pit.
             The game lasted 01:02:29 (24789 turns).

GeoRichter the Warrior (Tengu Fighter)             Turns: 24789, Time: 01:02:30

HP:   -2/115 (120)  AC: 19    Str: 16    XL:     17   Next: 19%
MP:   18/18         EV: 18    Int: 11    God:    Ru [******]
Gold: 1583          SH:  0    Dex: 20    Spells: 16/16 levels left

rFire   + + .      SeeInvis .   b - +7 captain's cutlass {speed, disarm}
rCold   + . .      Faith    .   (shield unavailable)
rNeg    . . .      Spirit   .   d - +0 fire dragon scales
rPois   +          Reflect  .   o - +1 hat
rElec   .          Harm     .   S - +2 cloak of Integrity {rC+}
rCorr   .          Rampage  .   s - +2 pair of gloves
Will    +....                   (boots unavailable)
Stlth   ++++......              G - amulet of regeneration
HPRegen 1.09/turn               (ring unavailable)
MPRegen 0.16/turn               L - ring of protection from cold

@: flying quickly and evasively, constricted, lightly drained, unable to drink,
quick
A: beak, talons 3, inability to drink after injury 2, missing a hand, inability
to use devices, nimble flight, poison resistance, wild magic 1
a: Renounce Religion, Draw Out Power, Power Leap, Apocalypse


You were on level 4 of the Snake Pit.
You worshipped Ru.
Ru was exalted by your worship.
You visited 5 branches of the dungeon, and saw 27 of its levels.
You also visited: Bailey, Gauntlet, Ice Cave and Volcano.

You collected 3101 gold pieces.
You spent 1518 gold pieces at shops.

Inventory:

Hand Weapons
 a - a +3 scimitar of flaming
   (You took it off an efreet on level 15 of the Dungeon)
 b - the +7 captain's cutlass (weapon) {speed, disarm}
   (You took it off a naga ritualist on level 4 of the Snake Pit)

   Attacks with this weapon are significantly faster.
   It may disarm weapon-wielding foes when striking them, dealing extra damage
   in the process.
 y - a +1 demon whip of venom
   (You took it off Amaemon on level 1 of the Lair of Beasts)
 Z - a +1 scimitar of holy wrath
   (You found it on level 13 of the Dungeon)
Missiles
 c - 3 curare-tipped darts {!f}
 z - 30 poisoned darts
 T - 9 javelins (quivered)
Armour
 d - +0 fire dragon scales (worn)
   (You found it on level 8 of the Dungeon)
 m - the +3 scale mail of Suuryutu {Contam Regen+ Dex+4 Slay+3}
   (You took it off a goblin on level 2 of the Dungeon)

   Dex:       It affects your dexterity (+4).
   Slay:      It affects your accuracy & damage with ranged weapons and melee
   (+3).
   Contam:    It causes magical contamination when unequipped.
   Regen:     It increases your rate of health regeneration.
 o - a +1 hat (worn)
   (You took it off Gastronok on level 2 of the Lair of Beasts)
 s - a +2 pair of gloves (worn)
   (You found it on level 1 of the Lair of Beasts)
 O - a +0 troll leather armour
   (You found it on level 12 of the Dungeon)
 S - the +2 cloak of Integrity (worn) {rC+}
   (You found it in a Gauntlet)

   rC:        It protects you from cold.
 V - +0 ice dragon scales
   (You found it in an ice cave)
Jewellery
 i - a ring of resist corrosion
   (You found it on level 1 of the Dungeon)
 x - an amulet of reflection
   (You found it on level 6 of the Dungeon)
 G - an amulet of regeneration (around neck)
   (You found it on level 1 of the Lair of Beasts)
 K - the necklace of Bloodlust {*Rage Will++ Int-3 Slay+6}
   (You found it on level 4 of the Lair of Beasts)

   [amulet of nothing]

   It extends the wearer's berserk rage when killing foes.
   Int:       It affects your intelligence (-3).
   Slay:      It affects your accuracy & damage with ranged weapons and melee
   (+6).
   *Rage:     It berserks you when you make melee attacks (+50% chance).
   Will:      It greatly increases your willpower.
 L - a ring of protection from cold (right hand)
   (You found it on level 10 of the Dungeon)
 P - an amulet of magic regeneration
   (You took it off a nagaraja on level 3 of the Snake Pit)
 U - a ring of protection from fire
   (You found it in an ice cave)
 X - the amulet of Soweom {Spirit rCorr}
   (You found it in an ice cave)

   [amulet of guardian spirit]

   It causes incoming damage to be divided between your reserves of health and
   magic.
   rCorr:     It protects you from acid and corrosion.
Scrolls
 f - 2 scrolls of poison {!r}
 g - 9 scrolls of teleportation {@r4}
 h - 2 scrolls of silence
 j - a scroll of magic mapping
 k - 4 scrolls of noise {!r}
 q - 4 scrolls of amnesia
 r - a scroll of summoning
 w - a scroll of brand weapon {unknown}
 A - 2 scrolls of vulnerability {!r}
 B - 8 scrolls of enchant weapon
 C - a scroll of torment {!r}
 D - 3 scrolls of immolation {!r}
 H - 5 scrolls of enchant armour
 I - 6 scrolls of fog
 N - 12 scrolls of identify {@r1}
Potions
 e - 4 potions of mutation {!q}
 l - 2 potions of berserk rage
 n - 5 potions of curing {@q1}
 t - 2 potions of attraction {!q}
 u - 4 potions of might
 v - 9 potions of lignification {!q}
 E - 3 potions of magic
 F - 3 potions of haste {@q3}
 J - 4 potions of brilliance
 M - 8 potions of heal wounds {@q2}
 Q - 5 potions of ambrosia
 W - a potion of resistance
 Y - a potion of cancellation


   Skills:
 * Level 18.7 Fighting
 * Level 1.1(9.1) Short Blades
 - Level 14.0 Long Blades
 - Level 8.0 Throwing
 - Level 10.0 Armour
 + Level 15.2 Dodging
 + Level 11.9 Stealth
   Level 0.0 Evocations


You had 16 spell levels left.
You didn't know any spells.
Your spell library contained the following spells:

 Spells                   Type           Power      Damage    Failure   Level
 Magic Dart               Conj           0%         1d3       83%         1
 Shock                    Conj/Air       0%         1d3       83%         1
 Slow                     Hex            0%         N/A       83%         1
 Sting                    Tmut/Pois      0%         1d3       83%         1
 Blink                    Tloc           0%         N/A       92%         2
 Call Imp                 Summ           0%         N/A       92%         2
 Poisonous Vapours        Pois/Air       0%         N/A       92%         2
 Call Canine Familiar     Summ           0%         N/A       99%         3
 Confusing Touch          Hex            0%         N/A       99%         3
 Inner Flame              Hex/Fire       0%         N/A       99%         3
 Lesser Beckoning         Tloc           0%         N/A       99%         3
 Mephitic Cloud           Conj/Pois/Air  0%         N/A       99%         3
 Portal Projectile        Hex/Tloc       0%         N/A       99%         3
 Summon Guardian Golem    Hex/Summ       0%         N/A       99%         3
 Swiftness                Air            0%         N/A       99%         3
 Tukima's Dance           Hex            0%         N/A       99%         3
 Vampiric Draining        Necr           0%         2d6       99%         3
 Airstrike                Air            0%         2d(0-16)  100%        4
 Cause Fear               Hex            0%         N/A       100%        4
 Hailstorm                Conj/Ice       0%         3d3       100%        4
 Ice Form                 Ice/Tmut       0%         N/A       100%        4
 Leda's Liquefaction      Hex/Erth       0%         N/A       100%        4
 Olgreb's Toxic Radiance  Pois           0%         N/A       100%        4
 Passage of Golubria      Tloc           0%         N/A       100%        4
 Petrify                  Tmut/Erth      0%         N/A       100%        4
 Summon Lightning Spire   Summ/Air       0%         N/A       100%        4
 Manifold Assault         Tloc           0%         N/A       100%        5
 Metabolic Englaciation   Hex/Ice        0%         N/A       100%        5
 Yara's Violent Unravell  Hex/Tmut       0%         3d3       100%        5
 Conjure Ball Lightning   Conj/Air       0%         3x3d6     100%        6
 Simulacrum               Ice/Necr       0%         N/A       100%        6
 Statue Form              Tmut/Erth      0%         N/A       100%        6
 Dragon Form              Tmut           0%         N/A       100%        7
 Enfeeble                 Hex            0%         N/A       100%        7
 Orb of Destruction       Conj           0%         9d5       100%        7
 Spellforged Servitor     Conj/Summ      0%         N/A       100%        7
 Storm Form               Tmut/Air       0%         N/A       100%        7
 Discord                  Hex            0%         N/A       100%        8
 Disjunction              Tloc           0%         N/A       100%        8
 Maxwell's Capacitive Co  Air            0%         ∞         100%        8
 Dragon's Call            Summ           0%         N/A       100%        9


Dungeon Overview and Level Annotations

Branches:
Dungeon (15/15) Zot: 26028  Temple (1/1) D:4 Zot: 5878    Lair (5/5) D:8 Zot: 25379
 Shoals (0/4) Lair:2        Snake (4/4) Lair:3 Zot: 20425   Slime (0/5) Lair:5
    Orc (2/2) D:11 Zot: 10639     Elf (0/3) Orc:2        Vaults (0/5) D:14
 Depths (0/4) D:15         Bailey (visited)           IceCv (visited)
Volcano (visited)         Gauntlet (visited)

Altars:
Ashenzari
Cheibriados
Dithmenos
Elyvilon
Fedhas
Gozag
Hepliaklqana
Kikubaaqudgha
Makhleb
Nemelex Xobeh
Okawaru
Qazlal
Ru
Sif Muna
Trog
Uskayaw
Vehumet
Wu Jian
Xom
Yredelemnul
Zin
The Shining One
Jiyva

Shops:
D:11 [(   D:12 [   Orc:1 !   Orc:2 (:*[?   Snake:1 =:=   Snake:3 ?

Annotations:
Snake:3 Roxanne


Innate Abilities, Weirdness & Mutations

You have a beak for a mouth.
You have claws for feet.
You sometimes lose the ability to drink potions when taking damage.
You are missing a hand.
You cannot study or use magical devices.
Your magical nature lets you fly swiftly and evasively.
Your system is resistant to poisons. (rPois)
Your spells are a little harder to cast, but a little more powerful.


Message History

You hit the nagaraja but do no damage. You claw the nagaraja.
You feel sick.
You puncture the nagaraja! You peck the nagaraja.
You feel sick.
The nagaraja begins to cast a spell, but is stunned by your conviction!
The nagaraja constricts you.
* * * LOW HITPOINT WARNING * * *
You feel better. The nagaraja hits you with a +0 club!
You feel threatened and lose the ability to drink potions!
* * * LOW HITPOINT WARNING * * *
The nagaraja constricts you.
* * * LOW HITPOINT WARNING * * *
The nagaraja misses you. The nagaraja constricts you.
* * * LOW HITPOINT WARNING * * *
As you read the scroll of fear, it crumbles to dust.
You assume a fearsome visage.
The nagaraja resists with some effort.
The nagaraja hits you with a +0 club.
* * * LOW HITPOINT WARNING * * *
The nagaraja constricts you.
* * * LOW HITPOINT WARNING * * *
You cannot drink potions in your current state!
Okay, then.
Blink to where?
The nagaraja's grasp on you weakens, but your attempt to escape fails.
As you read the scroll of blinking, it crumbles to dust.
The nagaraja spits poison at you. The splash of poison misses you.
The nagaraja constricts you. The nagaraja hits you with a +0 club!
* * * LOW HITPOINT WARNING * * *
The nagaraja constricts you.
You cannot drink potions in your current state!
Unknown command.
Okay, then.
You hit the nagaraja.
You claw the nagaraja, but do no damage.
You peck the nagaraja, but do no damage.
As you read the scroll of fear, it crumbles to dust.
You assume a fearsome visage.
The nagaraja easily resists.
The nagaraja hits you but does no damage.
The nagaraja constricts you.
* * * LOW HITPOINT WARNING * * *
You redirect the nagaraja's attack!
The nagaraja gestures at itself while chanting.
The nagaraja is firmly anchored in space.
The nagaraja constricts you.
You cannot drink potions in your current state!
As you read the scroll of summoning, it crumbles to dust.
Wisps of shadow whirl around you...
You feel less exhausted.
The nagaraja gestures at you while chanting.
You barely resist. The nagaraja constricts you.
You die...

.# ###...## ##...
)############ #....## ##..
.#..#.....#<## ####..## ##.
)))).......#.## #....## #.
#).).[........# ##....## #.
###†...####..##########.#..#
#. #....# ####..S...#####..#
#. #....#
###.)N..N.....###.# #.
#....###..))NN@[......
#######.
#....##..N[.#######...
#.##... #...)#.....##
##..#.. #......)).## ######
#.[......## #. #.....).## ##
#......## #. #.....## #.
#...).## #.


You could see a nagaraja (fast, corona, anchored, ally target), a friendly
salamander (summoned, wandering), a friendly shock serpent (summoned), 2
friendly naga magi and a friendly naga (summoned, wandering).

Vanquished Creatures
  Vashnia (Snake:3)
  Jorgrun (D:13)
  Rupert (Lair:4)
  Asterion (Snake:3)
  Gastronok (Lair:2)
  3 nagarajas
  An orc warlord (Orc:2)
  Aizul (Snake:3)
  A stone giant (D:15)
  A minotaur (Gauntlet)
  A white draconian (IceCv)
  The ghost of MinkTDR the Unseen, a journeyman KoEn (D:13)
  2 fire dragons
  7 hydras
  7 boulder beetles
  3 vault guards (D:14)
  2 catoblepae
  2 centaur warriors (D:14)
  3 naga warriors
  4 two-headed ogres
  8 anacondas
  A death yak (Lair:2)
  11 naga sharpshooters
  An orc high priest (Orc:2)
  Nergalle (Orc:2)
  6 shock serpents
  Sonja (D:13)
  A salamander mystic (Snake:4)
  Amaemon (Lair:1)
  A skeletal warrior (D:15)
  A flayed ghost (D:15)
  A deep elf archer (Volcano)
  6 naga ritualists
  2 necromancers (D:14)
  A lindwurm (Lair:5)
  9 deep elf pyromancers
  3 wizards (D:14)
  4 salamanders
  4 orc knights
  6 mana vipers
  2 orc sorcerers (Orc:2)
  2 manticores
  4 ugly things
  4 cyclopes
  2 guardian serpents
  28 black mambas
  An orange demon (D:8)
  9 naga magi
  3 molten gargoyles (Lair:5)
  A black mamba (shapeshifter) (D:15)
  2 ice statues (IceCv)
  6 elephants (Lair:4)
  A torpor snail (Lair:4)
  2 gargoyles (Gauntlet)
  6 cane toads
  2 unseen horrors
  Maggie (D:7)
  A minotaur zombie (Gauntlet)
  9 rime drakes
  An efreet (D:15)
  A yaktaur (D:15)
  13 komodo dragons
  6 polar bears
  5 trolls
  8 slime creatures
  5 blink frogs (Lair:4)
  A hornet (Gauntlet)
  Prince Ribbit (D:7)
  7 dream sheep
  A jumping spider (shapeshifter) (D:15)
  3 wraiths
  43 yaks
  3 wyverns
  9 fire elementals (Volcano)
  Eustachio (D:5)
  A chaos spawn (Gauntlet)
  6 basilisks
  16 humans (D:14)
  4 steam dragons
  3 wargs (Orc:2)
  An acid dragon (D:9)
  34 nagas
  6 hell hounds
  8 water moccasins
  Duvessa (D:7)
  43 orc warriors
  6 ice beasts
  3 sky beasts
  20 wolves
  7 ogres
  3 black bears
  6 centaurs
  A phantom (D:6)
  3 kobold brigands
  Blork the orc (Orc:2)
  14 bullfrogs
  A necrophage (D:6)
  A scorpion (D:4)
  5 wights (D:9)
  7 killer bees
  Dowan (D:7)
  4 lindwurm simulacra (IceCv)
  6 howler monkeys
  An electric eel (D:8)
  4 hounds
  5 lava snakes (Lair:5)
  6 komodo dragon simulacra (IceCv)
  A gnoll bouda (D:5)
  25 orc priests
  2 jellies
  3 iguanas
  30 orc wizards
  Robin (D:2)
  4 gnolls (D:5)
  5 acid dragon simulacra (IceCv)
  8 adders
  8 white imps
  A howler monkey simulacrum (D:8)
  6 steam dragon simulacra (IceCv)
  6 ufetubi
  2 worms (D:3)
  2 dart slugs
  99 orcs
  7 ball pythons
  12 endoplasms
  A giant cockroach (D:1)
  18 goblins
  13 hobgoblins
  7 jackals
  20 kobolds
  3 quokkas
  4 bats
  3 frilled lizards
  A rat (D:2)
  3 bushes (Lair:5)
830 creatures vanquished.

Vanquished Creatures (others)
  Snorg (Orc:2)
  3 hydras
  An anaconda (Snake:2)
  A shock serpent (Snake:3)
  A black mamba (Snake:2)
  A torpor snail (Lair:2)
  A hornet (Gauntlet)
  A snapping turtle (Lair:2)
  2 wyverns
  A naga (Snake:1)
  A white imp (D:8)
  4 orcs
  5 bushes (Lair:5)
  23 fungi
  39 plants
85 creatures vanquished.

Grand Total: 915 creatures vanquished

Notes
Turn   | Place    | Note
-------+----------+-------------------------------------------
     0 | D:1      | GeoRichter the Tengu Fighter began the quest for the Orb.
     0 | D:1      | Reached XP level 1. HP: 14/14 MP: 2/2
   146 | D:1      | Reached XP level 2. HP: 19/19 MP: 3/3
   499 | D:1      | Reached XP level 3. HP: 23/23 MP: 4/4
   711 | D:2      | Noticed Robin
   782 | D:2      | Killed Robin
   802 | D:2      | Reached XP level 4. HP: 15/28 MP: 5/5
   977 | D:2      | Identified the +3 scale mail of Suuryutu {Contam Regen+
                  | Dex+4 Slay+3}
  1610 | D:3      | Identified the +6 hand axe "Rolemez" {freeze, rF+ Int+6
                  | Dex-2}
  1851 | D:3      | Reached skill level 4 in Fighting
  1851 | D:3      | Gained mutation: Your magical nature lets you fly swiftly
                  | and evasively. [Tengu growth]
  1851 | D:3      | Reached XP level 5. HP: 33/33 MP: 6/6
  1874 | D:3      | Reached skill level 5 in Long Blades
  1896 | D:3      | Found a faded altar of an unknown god.
  2134 | D:3      | Found a sacrificial altar of Ru.
  2156 | D:3      | Became a worshipper of Ru the Awakened
  2343 | D:4      | Found a staircase to the Ecumenical Temple.
  2347 | D:4      | Reached XP level 6. HP: 39/39 MP: 7/7
  2349 | D:4      | Reached skill level 1 in Stealth
  2368 | Temple   | Entered the Ecumenical Temple
  2648 | D:4      | Noticed a sky beast
  2660 | D:4      | Killed a sky beast
  2682 | D:4      | Reached XP level 7. HP: 24/44 MP: 8/8
  2946 | D:4      | Reached skill level 5 in Fighting
  3262 | D:5      | Entered Level 5 of the Dungeon
  3297 | D:5      | Gained mutation: You are missing a hand. [Ru sacrifice]
  3297 | D:5      | Reached * piety under Ru
  3297 | D:5      | Reached ** piety under Ru
  3297 | D:5      | Reached *** piety under Ru
  3487 | D:5      | Noticed Eustachio
  3506 | D:5      | Reached XP level 8. HP: 41/50 MP: 9/9
  3507 | D:5      | Killed Eustachio
  3609 | D:5      | Found an iron altar of Okawaru.
  3977 | D:6      | Reached skill level 6 in Fighting
  3983 | D:6      | Reached skill level 1 in Dodging
  4068 | D:6      | Reached XP level 9. HP: 56/56 MP: 10/10
  4576 | D:7      | Noticed Duvessa
  4576 | D:7      | Noticed Dowan
  4587 | D:7      | Killed Duvessa
  4598 | D:7      | Killed Dowan
  4606 | D:7      | Found a flagged portal.
  4620 | Bailey   | Entered a bailey
  4632 | Bailey   | Reached skill level 5 in Armour
  4677 | Bailey   | Reached skill level 10 in Long Blades
  4682 | Bailey   | Reached skill level 7 in Fighting
  5049 | Bailey   | Reached XP level 10. HP: 60/63 MP: 11/11
  5209 | D:7      | Noticed Prince Ribbit
  5215 | D:7      | Killed Prince Ribbit
  5253 | D:7      | Reached skill level 5 in Dodging
  5260 | D:7      | Found a white marble altar of Elyvilon.
  5418 | D:7      | Noticed Maggie
  5425 | D:7      | Gained mutation: You cannot study or use magical devices.
                  | [Ru sacrifice]
  5425 | D:7      | Reached **** piety under Ru
  5425 | D:7      | Reached ***** piety under Ru
  5520 | D:7      | Killed Maggie
  5521 | D:7      | Reached skill level 1 in Throwing
  5726 | D:8      | Reached skill level 8 in Fighting
  6140 | D:8      | Noticed a fire dragon
  6150 | D:8      | Killed a fire dragon
  6151 | D:8      | Reached XP level 11. HP: 48/69 MP: 4/12
  6176 | D:8      | Found a staircase to the Lair.
  7324 | Lair:1   | Entered Level 1 of the Lair of Beasts
  7324 | Lair:1   | Noticed Amaemon
  7395 | Lair:1   | Killed Amaemon
  7533 | Lair:1   | Reached skill level 9 in Fighting
  7704 | Lair:1   | Noticed a six-headed hydra
  7710 | Lair:1   | Gained mutation: You occasionally lose the ability to drink
                  | potions when taking damage. [Ru sacrifice]
  7710 | Lair:1   | Gained mutation: You sometimes lose the ability to drink
                  | potions when taking damage. [Ru sacrifice]
  7710 | Lair:1   | Reached ****** piety under Ru
  7722 | Lair:1   | Killed a six-headed hydra
  8444 | Lair:2   | Noticed a death yak
  8473 | Lair:2   | Killed a death yak
  8615 | Lair:2   | Reached XP level 12. HP: 59/76 MP: 13/13
  8673 | Lair:2   | Noticed Gastronok
  8692 | Lair:2   | Killed Gastronok
  8861 | Lair:2   | Noticed a boulder beetle
  8881 | Lair:2   | Killed a boulder beetle
  8889 | Lair:2   | Reached skill level 10 in Fighting
  8972 | Lair:2   | Found a staircase to the Shoals.
  9019 | Lair:2   | Noticed a six-headed hydra
  9024 | Lair:2   | Killed a six-headed hydra
  9321 | Lair:3   | Noticed a six-headed hydra
  9455 | Lair:3   | Killed a 12-headed hydra
  9518 | Lair:3   | Noticed a boulder beetle
  9546 | Lair:3   | Killed a boulder beetle
  9664 | Lair:3   | Reached skill level 5 in Stealth
  9733 | Lair:3   | Found a staircase to the Snake Pit.
  9967 | Lair:4   | Noticed a five-headed hydra
  9968 | Lair:4   | Reached skill level 11 in Fighting
  9973 | Lair:4   | Killed a five-headed hydra
 10003 | Lair:4   | Reached XP level 13. HP: 84/84 MP: 8/14
 10120 | Lair:4   | Noticed Rupert
 10125 | Lair:4   | Killed Rupert
 10477 | Lair:4   | Reached skill level 10 in Dodging
 10557 | Lair:4   | Found the necklace of Bloodlust {*Rage Will++ Int-3 Slay+6}
 10951 | Lair:5   | Entered Level 5 of the Lair of Beasts
 10955 | Lair:5   | Reached skill level 12 in Fighting
 10966 | Lair:5   | Reached skill level 5 in Throwing
 11041 | Lair:5   | Reached skill level 10 in Armour
 11081 | Lair:4   | Gained mutation: Your body sometimes deteriorates upon
                  | taking damage. [mutagenic glow]
 11190 | Lair:5   | Found a large runed translucent door.
 11190 | Lair:5   | Found a large runed translucent door.
 11216 | Lair:5   | Noticed a fire dragon
 11305 | Lair:5   | Lost mutation: Your body sometimes deteriorates upon taking
                  | damage. [potion of mutation]
 11305 | Lair:5   | Gained mutation: Your spells are a little harder to cast,
                  | but a little more powerful. [potion of mutation]
 11305 | Lair:5   | Gained mutation: Your system is resistant to poisons.
                  | (rPois) [potion of mutation]
 11653 | Lair:5   | Reached skill level 13 in Fighting
 11899 | Lair:5   | Reached XP level 14. HP: 71/91 MP: 9/15
 12154 | Lair:5   | Found a staircase to the Slime Pits.
 12155 | Lair:5   | Found a viscous altar of Jiyva.
 12541 | D:10     | Entered Level 10 of the Dungeon
 13484 | D:11     | Found Visch's Armour Shop.
 13484 | D:11     | Found a staircase to the Orcish Mines.
 13485 | D:11     | Found Urips's Weapon Shop.
 14058 | D:12     | Found Wifaif's Armour Emporium.
 14075 | D:12     | Reached skill level 14 in Fighting
 14896 | D:13     | Noticed Jorgrun
 14924 | D:13     | Noticed Sonja
 14955 | D:13     | Killed Sonja
 15008 | D:13     | Found a gate leading to a gauntlet.
 15017 | Gauntlet | Entered a Gauntlet
 15017 | Gauntlet | Found a transporter.
 15017 | Gauntlet | Found a transporter.
 15017 | Gauntlet | Found a transporter.
 15018 | Gauntlet | Found a transporter.
 15022 | Gauntlet | Found a transporter.
 15023 | Gauntlet | Found a large runed translucent door.
 15024 | Gauntlet | Found a large runed translucent door.
 15025 | Gauntlet | Found a large runed translucent door.
 15025 | Gauntlet | Found a large runed translucent door.
 15025 | Gauntlet | Found a runed translucent door.
 15026 | Gauntlet | Found a large runed translucent door.
 15027 | Gauntlet | Found a large runed translucent door.
 15028 | Gauntlet | Found a large runed translucent door.
 15028 | Gauntlet | Found a large runed translucent door.
 15029 | Gauntlet | Found a runed translucent gate.
 15031 | Gauntlet | Found a transporter.
 15098 | Gauntlet | Found a transporter.
 15112 | Gauntlet | Found a transporter.
 15123 | Gauntlet | Found a transporter.
 15139 | Gauntlet | Found a transporter.
 15148 | Gauntlet | Found a transporter.
 15150 | Gauntlet | Found a large runed translucent door.
 15151 | Gauntlet | Found a large runed translucent door.
 15152 | Gauntlet | Found a large runed translucent door.
 15152 | Gauntlet | Found a large runed translucent door.
 15153 | Gauntlet | Found a runed translucent gate.
 15154 | Gauntlet | Found a transporter.
 15154 | Gauntlet | Found a runed translucent gate.
 15167 | Gauntlet | Found a runed translucent door.
 15178 | Gauntlet | Found a large runed translucent door.
 15178 | Gauntlet | Found a large runed translucent door.
 15179 | Gauntlet | Found a large runed translucent door.
 15180 | Gauntlet | Found a large runed translucent door.
 15313 | Gauntlet | Identified the +2 cloak of Integrity {rC+}
 15672 | D:13     | Found a large runed translucent door.
 15672 | D:13     | Found a large runed translucent door.
 15672 | D:13     | Noticed MinkTDR's ghost (journeyman KoEn)
 15696 | D:13     | Killed Jorgrun
 16289 | D:13     | Killed MinkTDR's ghost
 16379 | Orc:1    | Entered Level 1 of the Orcish Mines
 16379 | Orc:1    | Found Akligry's Distillery.
 16395 | Orc:1    | Bought a potion of might for 52 gold pieces
 16395 | Orc:1    | Bought a potion of might for 52 gold pieces
 16395 | Orc:1    | Bought a potion of mutation for 104 gold pieces
 16395 | Orc:1    | Bought a potion of haste for 130 gold pieces
 16395 | Orc:1    | Bought a potion of heal wounds for 65 gold pieces
 16395 | Orc:1    | Bought a potion of heal wounds for 65 gold pieces
 16718 | Orc:2    | Entered Level 2 of the Orcish Mines
 16721 | Orc:2    | Noticed Snorg
 16831 | Orc:2    | Found a frozen archway.
 16835 | IceCv    | Entered an ice cave
 17143 | IceCv    | Noticed a white draconian
 17172 | IceCv    | Killed a white draconian
 17173 | IceCv    | Reached skill level 15 in Fighting
 17215 | IceCv    | Identified the amulet of Soweom {Spirit rCorr}
 17366 | Orc:2    | Noticed Nergalle
 17366 | Orc:2    | Noticed an orc warlord
 17366 | Orc:2    | Noticed Blork the orc
 17367 | Orc:2    | Killed Nergalle
 17367 | Orc:2    | Killed Blork the orc
 17368 | Orc:2    | Reached XP level 15. HP: 84/100 MP: 7/16
 17382 | Orc:2    | Found a staircase to the Elven Halls.
 17418 | Orc:2    | Found Xinij's Antique Weapon Shoppe.
 17420 | Orc:2    | Killed an orc warlord
 17430 | Orc:2    | Found Cagh's Book Shoppe.
 17441 | Orc:2    | Found a dark tunnel.
 17450 | Volcano  | Entered a volcano
 17850 | Orc:2    | Found Qiqycwox's General Store.
 17854 | Orc:2    | Found Uliobet's Antique Armour Shoppe.
 17881 | Orc:2    | Bought a scroll of blinking for 112 gold pieces
 17967 | Orc:2    | Killed Snorg
 18042 | Orc:2    | Found Huirur's Magic Scroll Shoppe.
 18051 | Orc:2    | Bought a scroll of summoning for 161 gold pieces
 18051 | Orc:2    | Bought a scroll of fog for 68 gold pieces
 18051 | Orc:2    | Bought 2 scrolls of enchant armour for 255 gold pieces
 18052 | Orc:2    | Bought a scroll of identify for 34 gold pieces
 18052 | Orc:2    | Bought a scroll of identify for 34 gold pieces
 18052 | Orc:2    | Bought a scroll of identify for 34 gold pieces
 18831 | D:14     | Identified the +1 war axe "Zickizxe" {vorpal, Int+3}
 18989 | D:14     | Reached skill level 16 in Fighting
 19022 | D:14     | Found a gate to the Vaults.
 19663 | D:15     | Entered Level 15 of the Dungeon
 20016 | D:15     | Found a shimmering altar of Xom.
 20167 | D:15     | Found a staircase to the Depths.
 20378 | D:15     | Reached XP level 16. HP: 104/111 MP: 17/17
 20796 | Snake:1  | Entered Level 1 of the Snake Pit
 20875 | Snake:1  | Found Rafruh's Jewellery Boutique.
 20875 | Snake:1  | Found Ybeu's Book Shoppe.
 20876 | Snake:1  | Found Nalyote's Jewellery Boutique.
 20970 | Snake:1  | Reached skill level 10 in Stealth
 20999 | Snake:1  | Reached skill level 17 in Fighting
 23186 | Snake:3  | Noticed Roxanne
 23246 | Snake:3  | Noticed Asterion
 23248 | Snake:3  | Noticed an Executioner
 23251 | Snake:3  | Killed Asterion
 23338 | Snake:3  | Noticed Aizul
 23493 | Snake:3  | Noticed a nagaraja
 23503 | Snake:3  | Killed a nagaraja
 23504 | Snake:3  | Reached skill level 18 in Fighting
 23508 | Snake:3  | Noticed Vashnia
 23538 | Snake:3  | Killed Aizul
 23646 | Snake:3  | Killed Vashnia
 23773 | Snake:3  | Found Othusk's Magic Scroll Boutique.
 23781 | Snake:3  | Bought a scroll of teleportation for 48 gold pieces
 23781 | Snake:3  | Bought a scroll of enchant armour for 120 gold pieces
 23781 | Snake:3  | Bought a scroll of enchant armour for 120 gold pieces
 23781 | Snake:3  | Bought a scroll of fog for 64 gold pieces
 24230 | Snake:4  | Entered Level 4 of the Snake Pit
 24245 | Snake:4  | Noticed a nagaraja
 24245 | Snake:4  | Noticed a nagaraja
 24353 | Snake:4  | Reached XP level 17. HP: 100/112 MP: 18/18
 24360 | Snake:4  | Reached skill level 15 in Dodging
 24780 | Snake:4  | Reached skill level 1 in Short Blades
 24786 | Snake:4  | HP: 3/115 [nagaraja/+0 club (10)]
 24788 | Snake:4  | HP: 1/115 [constriction (4)]
 24789 | Snake:4  | Constricted to death by a nagaraja

Illustrated notes

Levels and vault maps discovered:
D:1:      dpeg_arrival_rhombi, layout_rooms, serial_bayou_pond_b
D:2:      layout_rooms, kennysheep_path_1, uniq_robin
D:3:      layout_basic, lemuel_doored_altar,
          chequers_ecumenical_altar_simple_redux
D:4:      layout_rooms, minmay_temple_entry_offerings, roderic_roman_lattice,
          amethyst_killhole, kennysheep_big_empty_room,
          hangedman_decor_peaks_small, hangedman_minor_gate_pass
D:5:      layout_basic, okawaru_gym_becter, st_stairs_10, uniq_eustachio
D:6:      layout_rooms
D:7:      layout_cave_pools, lemuel_tele_altar, enter_bailey_2,
          uniq_prince_ribbit1, uniq_maggie, uniq_duvessa
D:8:      layout_basic, minmay_lair_entry_lava, serial_ice, serial_ice_e,
          serial_ice_a, serial_ice_i, serial_ice_f
D:9:      layout_basic
D:10:     layout_stronghold
D:11:     layout_loops_cross, orc_david_3
D:12:     layout_long_grid, serial_shops, nicolae_shop_behind_doors,
          kennysheep_pointless_box
D:13:     layout_loops_cross, gauntlet_entry_generic,
          ebering_ghost_disaster_area, minmay_misc_feat_enclosed, uniq_jorgrun,
          uniq_sonja
D:14:     layout_loops_ring, grunt_vaults_entry_tiered, grunt_decor_mini_mirrors
D:15:     grunt_enter_depths_giant_problem, layout_loops_ring,
          minmay_ruined_shrine
Temple:   nicolae_temple_bog_church
Lair:1:   layout_cave_pods, lemuel_fruit_fields, uniq_amaemon
Lair:2:   layout_regular_city, minmay_shoals_entry_hut,
          chequers_serial_rivers_room_b, grunt_megastairs_1,
          serial_bayou_shore_b, uniq_gastronok
Lair:3:   layout_misc_corridors, minmay_snake_entry_spellcaster,
          grunt_forest_stairs_basic, nzn_sisyphean_effort, grunt_megastairs_5
Lair:4:   layout_gridlike, uniq_rupert
Lair:5:   cheibrodos_lair_end_hotspot, layout_regular_city, slime_entry_1,
          minmay_hedge_maze
Snake:1:  layout_gridlike, minmay_shop_grove, grunt_megastairs_2
Snake:2:  layout_chambers
Snake:3:  layout_rooms, minmay_shop_star, uniq_vashnia, uniq_roxanne,
          uniq_asterion, uniq_aizul
Snake:4:  grunt_snake_rune_spirals, layout_concentric_octagons, special_room,
          lemuel_fruit_tree
Orc:1:    layout_caves, basic_altar, serial_shops, shop
Orc:2:    grunt_orc_cross, layout_caves, portal_ice_cave_entry_pillars_2,
          serial_shops, nicolae_shop_temple_entry_statues_fountains,
          enter_volcano_1, uniq_snorg

Skill      XL: |  1  2  3  4  5  6  7  8  9 10 11 12 13 14 15 16 17 |
---------------+----------------------------------------------------+-----
Long Blades    | 3 4 5 6 7 9 10 12 13 14 | 14.0
Fighting       | 4 5 6 7 8 9 11 13 15 16 18 | 18.7
Stealth        | 2 3 4 5 6 7 9 11 | 11.9
Shields        | 0 |  0.0
Dodging        | 2 4 6 8 9 11 12 13 14 15 | 15.2
Armour         | 4 5 6 7 9 10 | 10.0
Throwing       | 3 4 6 8 |  8.0
Short Blades   | 1 |  1.1

Action                   |  1- 3 |  4- 6 |  7- 9 | 10-12 | 13-15 | 16-18 || total
-------------------------+-------+-------+-------+-------+-------+-------++-------
Melee: Long sword        |    72 |    47 |       |   318 |   589 |       ||  1026
       Kick              |    13 |    23 |    65 |   252 |   572 |   222 ||  1147
       Peck              |     9 |    11 |    30 |   169 |   381 |   138 ||   738
       Hand axe          |       |    51 |   191 |   241 |       |       ||   483
       Dagger            |       |       |       |    30 |    33 |       ||    63
       Scimitar          |       |       |       |       |   686 |   509 ||  1195
       Cutlass           |       |       |       |       |       |    28 ||    28
Throw: Dart              |       |       |    12 |     5 |     7 |       ||    24
       Javelin           |       |       |       |       |     9 |     1 ||    10
Invok: Draw Out Power    |       |       |     4 |     5 |    12 |     5 ||    26
       Sacrifice a Hand  |       |       |     1 |       |       |       ||     1
       Apocalypse        |       |       |       |     3 |    12 |     3 ||    18
       Sacrifice Artific |       |       |       |     1 |       |       ||     1
       Sacrifice Drink   |       |       |       |     1 |       |       ||     1
       Power Leap        |       |       |       |     2 |     3 |       ||     5
Evoke: Wand              |       |     2 |       |       |       |       ||     2
  Use: Scroll            |       |     2 |     9 |     9 |    13 |     5 ||    38
       Potion            |       |       |     3 |     2 |     6 |     3 ||    14
 Stab: Invisible         |       |       |     1 |    11 |    17 |    15 ||    44
       Paralysed         |       |       |       |    15 |    33 |    12 ||    60
       Distracted        |       |       |       |     3 |    13 |     7 ||    23
       Sleeping          |       |       |       |       |     7 |     2 ||     9
Armor: Scale mail        |    32 |    37 |    89 |   185 |    13 |       ||   356
       Fire dragon scale |       |       |       |       |   214 |    93 ||   307
       Troll leather arm |       |       |       |       |    55 |       ||    55
Dodge: Dodged            |    27 |    37 |   157 |   492 |   767 |   366 ||  1846
Block: Buckler           |    16 |    19 |     8 |       |       |       ||    43
       Other             |       |       |    42 |    73 |       |       ||   115
       Reflection        |       |       |       |     2 |       |       ||     2
